 Dungeon Crawl Stone Soup version 0.25.0-1-g7eea58d2a3 (webtiles) character file.

Game seed: 18291804161944360593

1554 mortelune the Chopper (level 8, -4/52 HPs)
             Began as a Gargoyle Fighter on June 15, 2020.
             Splashed by an oklob sapling's acid (16 damage)
             ... on level 6 of the Dungeon.
             The game lasted 00:09:57 (5636 turns).

mortelune the Chopper (Gargoyle Fighter)            Turns: 5636, Time: 00:09:57

Health: -4/52      AC: 14    Str: 22    XL:     8   Next: 88%
Magic:  8/8        EV:  7    Int:  9    God:
Gold:   610        SH: 10    Dex: 15    Spells: 7/7 levels left

rFire    . . .     SeeInvis .   a - +1 war axe
rCold    . . .     Gourm    .   c - +0 kite shield
rNeg     + . .     Faith    .   w - +5 scale mail
rPois    ∞         Spirit   .   (no helmet)
rElec    +         Reflect  .   y - +1 cloak
rCorr    .         Harm     .   r - +0 pair of gloves
MR       .....                  (no boots)
Stlth    ..........             (no amulet)
HPRegen  0.17/turn              D - ring of flight
MPRegen  0.11/turn              u - +6 ring of dexterity

@: corroded
A: negative energy resistance 1, electricity resistance, unbreathing,
petrification resistance, rot immunity, AC +5
a: Evoke Flight


You were on level 6 of the Dungeon.
You were not hungry.

You visited 1 branch of the dungeon, and saw 6 of its levels.
You also visited: Ossuary.

You collected 610 gold pieces.

Inventory:

Hand Weapons
 a - a +1 war axe (weapon)
Armour
 b - a +0 scale mail
 c - a +0 kite shield (worn)
 l - a +0 chain mail
 o - a +2 robe of cold resistance
 r - a +0 pair of gloves (worn)
 w - a +5 scale mail (worn)
 y - a +1 cloak (worn)
Jewellery
 k - an uncursed ring of fire
 u - a +6 ring of dexterity (right hand)
 D - a ring of flight (left hand)
Wands
 n - a wand of flame (15)
Scrolls
 e - 2 scrolls of immolation
 f - 2 scrolls of fog
 h - 3 scrolls of remove curse
 q - a scroll of enchant armour
 s - a scroll of enchant weapon
 t - a scroll of teleportation
 B - a scroll of blinking
Potions
 d - 7 potions of might
 g - a potion of degeneration {unknown}
 j - 2 potions of curing
 m - 2 potions of lignification
 v - 2 potions of stabbing
 x - 3 potions of heal wounds
 z - a potion of flight {unknown}
 A - a potion of resistance {unknown}
 C - 2 potions of brilliance {unknown}
Comestibles
 i - 14 chunks of flesh
 p - 11 rations


   Skills:
 + Level 6.8 Fighting
 * Level 7.2 Axes
 + Level 6.7 Armour
 - Level 3.2 Shields


You had 7 spell levels left.
You didn't know any spells.
Your spell library was empty.

Dungeon Overview and Level Annotations

Branches:
Dungeon (6/15)             Temple (0/1) D:6         Ossuary (visited)

Altars:
Elyvilon
Makhleb
Nemelex Xobeh
Qazlal
Ru
Trog
Vehumet
Zin

Shops:
D:4 (   D:5 *

Portals:
Abyss: D:4

Annotations:
D:1 need r ef
D:3 2 runed translucent doors, Crazy Yiuf; LaGuigne83's ghost, novice HaHu
D:4 2 transporters, Statics's ghost, amateur OpMo
D:5 Menkaure
D:6 exclusion: oklob sapling


Innate Abilities, Weirdness & Mutations

You are resistant to torment.
Your stone body is resilient. (AC +5)
You are immune to poison.
You resist negative energy. (rN+)
You are resistant to electric shocks. (rElec)
You can survive without breathing.
You are immune to petrification.
You are immune to rotting.


Message History

The oklob sapling is heavily damaged.
You hit the plant but do no damage. x3; You hit the plant.
You hit the oklob sapling but do no damage.
The oklob sapling is heavily damaged.
You hit the plant but do no damage. You hit the plant. x2
You slash the plant! The oklob sapling spits acid at you.
The splash of acid hits you!
You are splashed with acid!
You hit the oklob sapling but do no damage.
The oklob sapling is heavily damaged.
You hit the plant. You hit the plant but do no damage. You hit the plant.
You hit the plant but do no damage. You slash the oklob sapling!
The oklob sapling is severely damaged.
You hit the plant but do no damage. x4
The oklob sapling spits acid at you. The splash of acid hits you!
* * * LOW HITPOINT WARNING * * *
The acid corrodes you!
You are splashed with acid!
You die...

.### .. _#A# #.## .
.### #..# >##### ##
#..#### .....# #
.....#####....# ####
#..........P..# ...##
#.##...P.PPP.P#
##..###.#......P.PP.#
##.............@PPP#
######.(...PP)PPPP#
###....PPP.P.#
......P$.PP..#
###.......#...#
#.%$..$.#...#
#....>..#<..#
##.....###### ##!..##


You could see an oklob sapling.

Vanquished Creatures
  Pikel (D:5)
  Eustachio (D:4)
  A slave (D:5)
  A necrophage (D:5)
  A phantom (D:4)
  An ice beast (D:2)
  A centaur (D:6)
  2 scorpions
  A hound (D:5)
  A centaur skeleton (D:4)
  A bullfrog skeleton (D:5)
  2 jellies (D:5)
  An orc wizard (D:3)
  2 worker ants (D:4)
  A big kobold zombie (Ossuary)
  8 mummies (Ossuary)
  7 adders
  3 shadow imps
  An ooze (D:1)
  An adder zombie (D:5)
  3 worms
  3 dart slugs
  2 leopard geckos
  10 orcs
  2 ball pythons
  3 giant cockroaches (D:2)
  2 gnoll zombies (Ossuary)
  7 goblins
  2 hobgoblins
  5 jackals
  4 kobolds
  3 quokkas
  5 bats
  6 frilled lizards
  4 kobold zombies (Ossuary)
  A leopard gecko skeleton (D:4)
  An orc zombie (Ossuary)
  7 rats
  3 fungi (D:3)
  2 plants (D:6)
113 creatures vanquished.

Vanquished Creatures (others)
  A jackal zombie (D:5)
  A rat (D:1)
2 creatures vanquished.

Grand Total: 115 creatures vanquished

Notes
Turn   | Place    | Note
-------+----------+-------------------------------------------
     0 | D:1      | mortelune the Gargoyle Fighter began the quest for the Orb.
     0 | D:1      | Reached XP level 1. HP: 14/14 MP: 1/1
    36 | D:1      | Reached skill level 2 in Axes
   193 | D:1      | Reached XP level 2. HP: 19/19 MP: 2/2
   952 | D:2      | Reached XP level 3. HP: 23/23 MP: 3/3
  1588 | D:2      | Reached XP level 4. HP: 29/29 MP: 4/4
  1805 | D:2      | Reached skill level 3 in Axes
  1917 | D:2      | Found a faded altar of an unknown god.
  2059 | D:2      | Found a bloodstained altar of Trog.
  2157 | D:3      | Noticed an ice beast
  2548 | D:3      | Found a white marble altar of Elyvilon.
  2550 | D:3      | Found a radiant altar of Vehumet.
  2557 | D:3      | Found a sacrificial altar of Ru.
  2560 | D:3      | Found a sparkling altar of Nemelex Xobeh.
  2636 | D:3      | Reached XP level 5. HP: 31/33 MP: 5/5
  2673 | D:3      | Found a runed translucent door.
  2675 | D:3      | Noticed LaGuigne83's ghost (novice HaHu)
  3000 | D:3      | Found a runed translucent door.
  3001 | D:3      | Noticed Crazy Yiuf
  3085 | D:4      | Noticed Eustachio
  3282 | D:2      | Killed an ice beast
  3282 | D:2      | Reached skill level 4 in Axes
  3282 | D:2      | Reached XP level 6. HP: 30/39 MP: 6/6
  3412 | D:4      | Found Yptinnib's Antique Weapon Boutique.
  3566 | D:4      | Noticed a phantom
  4202 | D:4      | Killed Eustachio
  4202 | D:4      | Reached skill level 5 in Fighting
  4202 | D:4      | Reached skill level 5 in Axes
  4202 | D:4      | Reached skill level 5 in Armour
  4202 | D:4      | Reached XP level 7. HP: 38/44 MP: 7/7
  4573 | D:4      | Found a transporter.
  4618 | D:4      | Found a transporter.
  4653 | D:4      | Found a one-way gate to the infinite horrors of the Abyss.
  4653 | D:4      | Noticed Statics's ghost (amateur OpMo)
  4673 | D:5      | Entered Level 5 of the Dungeon
  4685 | D:5      | Found a stormy altar of Qazlal.
  4774 | D:5      | Reached XP level 8. HP: 51/51 MP: 8/8
  4795 | D:5      | Noticed Pikel
  4813 | D:5      | Killed Pikel
  4813 | D:5      | Reached skill level 6 in Axes
  4850 | D:5      | Found a sand-covered staircase.
  4855 | Ossuary  | Entered an ossuary
  5057 | Ossuary  | Reached skill level 7 in Axes
  5458 | D:5      | Found Onaerch's Assorted Antiques.
  5476 | D:5      | Noticed Menkaure
  5575 | D:6      | Found a burning altar of Makhleb.
  5580 | D:6      | Found a glowing silver altar of Zin.
  5580 | D:6      | Noticed a cacodemon
  5580 | D:6      | Noticed an angel
  5615 | D:6      | Found a staircase to the Ecumenical Temple.
  5636 | D:6      | Splashed by an oklob sapling's acid

Illustrated notes

Levels and vault maps discovered:
D:1:      lemuel_arrival_rhombus, layout_rooms, minivault_24,
          lemuel_flame_loot_1
D:2:      minmay_skewed_foursquare, layout_basic,
          chequers_ecumenical_altar_grove, first_ration,
          minmay_misc_feat_nine_boxes, lemuel_statue_altar
D:3:      layout_rooms, minitemple, ebering_ghost_reflecting_pool,
          corexii_shack, grunt_decor_mini_mirrors, supply_closet_lemuel,
          uniq_crazy_yiuf_cottage
D:4:      layout_basic, gammafunk_ghost_abyssal_escape, serial_shops,
          shop_fountains, uniq_eustachio
D:5:      layout_rooms, kennysheep_little_box, serial_shops,
          nicolae_shop_statue_plus, enter_ossuary_5, uniq_menkaure, uniq_pikel
D:6:      layout_rooms, grunt_temple_overflow_order_and_chaos_2,
          minmay_temple_entry_oklob, serial_curves, eino_curves_04,
          eino_curves_04, eino_curves_03

Skill      XL: |  1  2  3  4  5  6  7  8 |
---------------+-------------------------+-----
Axes           | 2 3 4 5 7 |  7.2
Fighting       | 4 5 6 |  6.8
Armour         | 4 5 6 |  6.7
Shields        | |  3.2

Action                   |  1- 3 |  4- 6 |  7- 9 || total
-------------------------+-------+-------+-------++-------
Melee: War axe           |   101 |   218 |   146 ||   465
  Use: Scroll            |       |    13 |     2 ||    15
  Eat: Chunk             |     2 |     5 |     2 ||     9
       Ration            |       |     1 |     1 ||     2
Armor: Scale mail        |    58 |    67 |    72 ||   197
       Chain mail        |     2 |   152 |       ||   154
Dodge: Dodged            |    33 |    93 |    38 ||   164
Block: Kite shield       |    47 |   157 |    60 ||   264
